Map: Kairos Junction LE

Players

Kelazhur

  • Race: Terran Terran
  • Spawn Location: 11:00

PtitDrogo - Winner!

  • Race: Protoss Protoss
  • Spawn Location: 5:00

Event: 2019 WCS Summer

VOD

Have the link to the VOD?

Description

Time

  • Played on: July 12, 2019, 1:41 p.m.
  • Length: 9:53

All games in this series

Show
View Real Time Build Order
Export as new Build Order

Kelazhur Terran 

Build Orders: Reaper Expand 

Get SALT Encoding   

  12  0:00  SCV  
  13  0:12  SCV  
  14  0:16  Supply Depot  
  14  0:25  SCV  
  15  0:38  SCV  
  15  0:39  Barracks  
  16  0:43  Refinery  
  16  0:50  SCV  
  17  1:02  SCV  
  18  1:14  SCV  
  19  1:26  Orbital Command, Reaper  
  20  1:48  Command Center  
  20  1:52  SCV  
  21  1:56  Supply Depot  
  21  1:59  Marine  
  22  2:04  SCV  
  23  2:08  Factory  
  23  2:14  Refinery  
  23  2:18  SCV  
  23  2:22  Barracks Reactor  
  24  2:30  SCV  
  25  2:42  SCV  
  25  2:47  Bunker  
  25  2:53  Starport  
  25  2:54  SCV  
  25  2:55  Factory Tech Lab  
  26  2:59  Marine x2  
  26  3:00  Orbital Command  
  28  3:06  Orbital Command, SCV  
  29  3:19  Marine x2  
  30  3:21  SCV  
  30  3:23  Siege Tank  
  34  3:31  Viking  
  34  3:32  SCV  
  34  3:33  SCV  
  38  3:36  Supply Depot  
  38  3:39  Marine  
  38  3:40  Marine  
  40  3:45  SCV  
  40  3:46  SCV  
  42  3:55  Siege Tank  
  45  3:57  Marine, SCV  
  45  3:58  Marine  
  45  4:01  Supply Depot  
  48  4:04  SCV  
  48  4:09  SCV  
  50  4:11  Barracks  
  50  4:16  Barracks  
  50  4:17  SCV  
  51  4:20  Marine x2  
  51  4:23  SCV  
  54  4:27  Starport Tech Lab  
  54  4:29  SCV  
  55  4:35  SCV  
  55  4:37  Marine  
  55  4:38  Marine  
  58  4:41  Factory Tech Lab, SCV  
  59  4:47  SCV  
  59  4:48  Engineering Bay  
  59  4:50  Refinery, Supply Depot  
  59  4:52  Refinery  
  60  4:53  SCV  
  60  4:56  Marine  
  62  5:05  Starport Reactor  
  62  5:09  Stimpack  
  62  5:11  Marine  
  62  5:12  Combat Shield, Marauder, SCV  
  62  5:13  Marine  
  67  5:16  Terran Infantry Weapons Level 1  
  67  5:18  SCV  
  67  5:19  Marine  
  69  5:24  SCV  
  69  5:28  Supply Depot x2  
  70  5:49  Marine x2, SCV, Medivac x2  
  81  5:50  Marauder x2, SCV  
  82  6:02  SCV x2  
  84  6:04  Command Center  
  84  6:14  Marine  
  84  6:15  Marine  
  86  6:26  Supply Depot  
  86  6:29  Marauder x2, Supply Depot  
  86  6:31  Medivac x2  
  94  6:38  Engineering Bay  
  94  6:39  Armory  
  94  6:48  Marine x2  
  94  6:51  Widow Mine  
  94  6:52  SCV x2  
  100  6:55  Marauder x2  
  100  6:59  Supply Depot  
  103  7:13  Marine x2  
  103  7:15  Medivac x2  
  109  7:17  Marauder x2  
  109  7:22  Concussive Shells  
  113  7:24  Terran Infantry Armor Level 1  
  113  7:27  Drilling Claws  
  106  7:32  Marine x2, Widow Mine  
  108  7:38  Marauder x2  
  107  7:54  Marine x2, Widow Mine  
  111  7:58  SCV x2  
  111  7:59  Barracks  
  111  8:00  Barracks, Marauder x2  
  117  8:10  SCV  
  117  8:11  SCV  
  119  8:13  Marine x2  
  119  8:15  Orbital Command  
  121  8:21  Marauder  
  121  8:23  SCV x2  
  121  8:26  Supply Depot  
  125  8:40  Marauder, Marine x2  
  124  8:42  Marauder  
  124  8:43  SCV x3  
  129  8:49  Supply Depot  
  129  8:58  Marine  
  129  9:00  Barracks Reactor  
  129  9:01  SCV x2  
  129  9:02  Marauder  
  133  9:08  Marauder x2  
  136  9:11  Starport Reactor  
  136  9:17  SCV  
  136  9:21  Marine x2  
  136  9:23  Marauder  
  136  9:24  Widow Mine  
  133  9:30  Marauder x2, SCV x2  
Show
View Real Time Build Order
Export as new Build Order

PtitDrogo Protoss - Winner!

Build Orders: 1 Gate Expand, Zealot Archon, Archon Drop 

Get SALT Encoding   

  12  0:00  Probe  
  13  0:12  Probe  
  14  0:17  Pylon  
  14  0:25  Probe  
  15  0:34  Probe  
  15  0:36  Gateway  
  15  0:42  Probe  
  16  0:43  Assimilator  
  17  0:52  Probe  
  18  1:04  Probe  
  19  1:17  Probe  
  20  1:23  Cybernetics Core  
  20  1:32  Nexus  
  20  1:38  Pylon  
  20  1:41  Probe  
  21  1:47  Assimilator  
  21  1:49  Stalker  
  21  1:53  Probe  
  24  2:02  Warp Gate  
  24  2:05  Probe  
  25  2:18  Probe  
  25  2:19  Stalker  
  28  2:30  Probe  
  28  2:39  Probe  
  28  2:40  Robotics Facility  
  28  2:41  Probe  
  29  2:47  Probe  
  29  2:49  Probe  
  30  2:56  Probe  
  32  2:59  Probe  
  32  3:03  Gateway  
  34  3:05  Gateway  
  34  3:09  Probe  
  34  3:20  Probe  
  34  3:21  Probe  
  34  3:22  Observer  
  36  3:32  Probe  
  36  3:33  Probe  
  36  3:34  Pylon  
  39  3:41  Observer  
  39  3:43  Probe  
  39  3:45  Probe, Pylon  
  39  3:47  Twilight Council  
  42  3:49  Forge  
  42  3:51  Probe  
  42  3:55  Sentry  
  45  3:57  Assimilator, Probe  
  45  3:59  Probe  
  45  4:02  Assimilator  
  46  4:09  Probe  
  48  4:11  Probe  
  49  4:18  Pylon  
  49  4:21  Charge, Probe, Protoss Ground Armor Level 1  
  49  4:23  Probe  
  51  4:29  Stalker  
  53  4:33  Probe  
  53  4:35  Probe  
  55  4:41  Gateway  
  55  4:44  Gateway  
  55  4:45  Gateway  
  54  4:48  Gateway  
  54  4:53  Gateway  
  54  4:58  Templar Archives  
  54  5:08  Warp Prism  
  54  5:12  Observer  
  56  5:14  Observer  
  56  5:18  Nexus  
  56  5:20  Probe  
  57  5:22  Probe  
  57  5:24  Pylon  
  58  5:29  Pylon  
  58  5:32  Probe  
  58  5:34  Probe  
  60  5:41  High Templar  
  60  5:42  High Templar x3  
  67  5:44  Probe  
  67  5:46  Pylon  
  67  5:47  Archon x2  
  68  5:50  Zealot x2  
  68  5:53  Zealot  
  68  5:54  Probe  
  68  5:56  Probe  
  76  6:00  Protoss Ground Weapons Level 1  
  76  6:07  Probe, Immortal  
  76  6:08  Probe  
  82  6:19  Probe  
  82  6:20  Probe  
  84  6:27  Zealot x4  
  84  6:30  High Templar x2  
  84  6:31  Probe  
  97  6:34  Archon  
  97  6:37  Probe x2  
  97  6:49  Observer, Probe, Psionic Storm  
  98  6:58  Pylon  
  98  7:00  Stalker, Zealot x3  
  107  7:02  Zealot  
  109  7:15  Pylon  
  109  7:17  Zealot x3  
  109  7:19  Pylon  
  113  7:30  Blink  
  113  7:31  Stalker x2  
  113  7:32  Stalker  
  113  7:35  Probe  
  113  7:36  Zealot x2  
  122  7:38  Probe x2  
  122  7:40  Zealot x3  
  124  7:46  Warp Prism  
  124  7:47  Probe  
  125  7:53  Probe  
  125  7:54  Assimilator  
  125  7:58  Assimilator  
  126  8:01  Zealot, High Templar x2  
  126  8:04  Pylon  
  132  8:06  Probe, Pylon  
  132  8:11  Photon Cannon  
  132  8:12  Shield Battery  
  133  8:24  Pylon  
  133  8:27  High Templar  
  133  8:31  Cybernetics Core  
  131  8:41  High Templar x2  
  131  8:42  Zealot x4  
  131  8:47  Gateway x2  
  142  9:00  Zealot  
  144  9:10  Stalker x2, Zealot  
  144  9:11  Observer, Zealot  
  144  9:13  Nexus  
  152  9:20  Pylon  
  148  9:26  Zealot x3  
  136  9:38  Zealot x4  
  125  9:51  Stalker x3  
Tags
 
Add a new tag
Caveats
  • Supply blocks, unpowered buildings, or Contaminate may cause inaccurate times.
  • Supply counts are checked every 10 seconds.